 Dungeon Crawl Stone Soup version 0.20.1-1-g8b1a95d66d (webtiles) character file.

86141 Rrauwl the Executioner (level 15, -11/145 HPs)
             Began as a Hill Orc Berserker on Dec 31, 2017.
             Was the Champion of Trog.
             Engulfed by a cloud of freezing vapour (30 damage)
             ... in an ice cave.
             The game lasted 01:29:02 (23608 turns).

Rrauwl the Executioner (Hill Orc Berserker)        Turns: 23608, Time: 01:29:02

Health: -11/145    AC: 14    Str: 24    XL:     15   Next: 86%
Magic:  6/6        EV: 12    Int:  8    God:    Trog [******]
Gold:   1264       SH:  6    Dex: 12    Spells: 14/14 levels left

rFire    + . .     SeeInvis +   a - +6 executioner's axe (antimagic)
rCold    . . .     Gourm    .   (shield currently unavailable)
rNeg     . . .     Faith    .   y - +1 scale mail {rPois}
rPois    +         Spirit   .   B - +1 hat
rElec    .         Reflect  +   t - scarf {repulsion}
rCorr    .         Harm     .   p - +1 pair of gloves {archery}
MR       +....     Clarity  +   w - +0 pair of boots (curse)
Stlth    ..........             f - +6 amulet of reflection
Regen    0.4/turn               k - ring of see invisible
MPRegen  0.1/turn               R - ring of protection from fire

@: berserk cooldown, slowed, repel missiles, very slow
A: beak, clarity, robust 1
a: Berserk, Trog's Hand, Brothers in Arms, Burn Spellbooks, Renounce Religion


You were in an ice cave.
You worshipped Trog.
Trog was exalted by your worship.
You were not hungry.

You visited 2 branches of the dungeon, and saw 21 of its levels.
You also visited: Ice Cave.

You collected 1545 gold pieces.
You spent 281 gold pieces at shops.

Inventory:

Hand Weapons
 a - a +6 antimagic executioner's axe (weapon)
 c - a +2 battleaxe of flaming
 j - a +1 antimagic executioner's axe
Missiles
 b - 12 javelins of penetration (quivered)
 l - 6 exploding tomahawks
Armour
 p - a +1 pair of gloves of archery (worn)
 t - a scarf of repulsion (worn)
 w - a cursed +0 pair of boots (worn)
 y - a +1 scale mail of poison resistance (worn)
 B - a +1 hat (worn)
Jewellery
 f - a +6 amulet of reflection (around neck)
 k - a ring of see invisible (left hand)
 o - an uncursed ring of protection from fire
 R - a ring of protection from fire (right hand)
Wands
 v - a wand of iceblast (9/15)
 z - a wand of acid (8/15)
 J - a wand of lightning (3/15)
 O - a wand of digging (13/24)
Scrolls
 d - 7 scrolls of teleportation
 g - a scroll of remove curse
 i - 7 scrolls of identify
 n - 3 scrolls of fear
 u - a scroll of blinking
 x - a scroll of summoning {unknown}
 A - 5 scrolls of fog
 I - 4 scrolls of magic mapping
Potions
 e - a potion of flight
 h - 5 potions of heal wounds
 s - a potion of curing
 H - 4 potions of haste
Miscellaneous
 r - a fan of gales
 K - a lamp of fire
Comestibles
 m - 12 meat rations


   Skills:
 + Level 12.1 Fighting
 - Level 26.0 Axes
 - Level 10.0 Armour
 - Level 4.1 Dodging
 + Level 6.9 Evocations


You had 14 spell levels left.
You didn't know any spells.

Dungeon Overview and Level Annotations

Branches:
Dungeon (15/15)            Temple (0/1) D:5            Lair (6/6) D:10
 Shoals (0/4) Lair:2        Snake (0/4) Lair:3        Slime (0/5) Lair:6
    Orc (0/2) D:12         Vaults (0/5) D:14         Depths (0/5) D:15

Altars:
Cheibriados
Dithmenos
Gozag
Kikubaaqudgha
Nemelex Xobeh
Sif Muna
Xom
Yredelemnul
Zin
The Shining One

Shops:
D:6 =   D:7 [


Innate Abilities, Weirdness & Mutations

You have a beak for a mouth.
You possess an exceptional clarity of mind.
You are robust. (+10% HP)


Message History

You peck the ice devil, but do no damage.
The ice devil is severely wounded.
The ice devil hits you but does no damage.
You slice the ice devil!!
You kill the ice devil!
Trog accepts your kill.
You feel much better.
You enter the shallow water.
Moving in this stuff is going to be slow.
You are engulfed in freezing vapours.
* * * LOW HITPOINT WARNING * * *
You feel much better.
You are engulfed in freezing vapours.
* * * LOW HITPOINT WARNING * * *
You are engulfed in freezing vapours.
* * * LOW HITPOINT WARNING * * *
You feel much better.
You are engulfed in freezing vapours.
* * * LOW HITPOINT WARNING * * *
You are engulfed in freezing vapours.
You die...

#....##
#...#.§...
##.#.##
#..§#§..###
.###..#
#..§§§.§§..
.##...#
#..#§.§§§.§
......#
##.##.≈#.#.
...#..#
#..#.##.#
#..#..##
#.§..#§§##
####...#
##§§##§§§#
##..#
#§§§§§@§#
#...##
##§§§§§.#
##...#
#§§§§§##
##..##
##§§§##
##....#
#####
##.....##
#.......#
####
#......##
######..##
#.......###
##..##....##


There were no monsters in sight!

Vanquished Creatures
  Rupert (D:14)
  Gastronok (Lair:2)
  The ghost of vlindergert the Severer, a journeyman MiFi of Makhleb (D:14)
  Nessos (Lair:5)
  4 hydras
  A death knight (D:15)
  4 catoblepae (Lair:6)
  2 dancing weapons (D:14)
  2 centaur warriors
  6 two-headed ogres
  13 death yaks
  Urug (D:14)
  Nergalle (Lair:2)
  A fire crab (Lair:4)
  4 unseen horrors
  An orc knight (D:15)
  7 oklob plants
  A wolf spider zombie (D:14)
  2 manticores (Lair:6)
  3 ugly things
  12 elephants
  6 black mambas
  2 ice statues (IceCv)
  A black mamba (shapeshifter) (D:15)
  2 centaur zombies
  A molten gargoyle (D:14)
  6 centaur skeletons
  2 gargoyles
  A kobold demonologist (D:14)
  13 spiny frogs
  2 rime drakes
  11 komodo dragons
  A redback zombie (D:14)
  6 ice devils (IceCv)
  A hornet (D:9)
  6 trolls
  7 dream sheep (Lair:4)
  26 blink frogs
  7 hippogriffs
  A vampire (D:12)
  Sigmund (D:4)
  Eustachio (D:6)
  2 shadows
  2 wraiths (D:13)
  39 yaks
  A yak (shapeshifter) (D:14)
  2 basilisks
  A hungry ghost (D:14)
  2 wyverns
  4 vampire mosquitoes (D:12)
  A warg (D:15)
  Edmund (D:6)
  16 water moccasins
  A soldier ant (D:13)
  20 porcupines
  Duvessa (D:4)
  4 orc warriors
  2 ice beasts
  2 black bears
  A black bear (shapeshifter) (D:14)
  An eye of draining (D:12)
  3 phantoms
  4 sky beasts
  10 ogres
  A necrophage (D:12)
  A wolf (Lair:3)
  7 centaurs
  12 crocodiles
  4 big kobolds
  Blork the orc (D:5)
  17 bullfrogs
  A wyvern zombie (D:12)
  Dowan (D:4)
  6 scorpions
  50 killer bees
  2 electric eels
  18 wights
  9 howler monkeys
  6 crimson imps
  3 lava snakes (D:14)
  2 quasits
  7 hounds
  4 jellies
  2 bullfrog skeletons
  A bullfrog zombie (D:7)
  6 orc priests
  A gnoll shaman (D:4)
  5 iguanas
  9 orc wizards
  14 worker ants
  A killer bee zombie (D:6)
  2 howler monkey zombies
  3 howler monkey skeletons
  3 gnolls (D:4)
  19 adders
  7 shadow imps
  16 white imps
  5 ufetubi (IceCv)
  An adder skeleton (D:7)
  6 worms
  5 dart slugs
  6 leopard geckos
  41 orcs
  4 giant cockroaches
  9 hobgoblins
  10 jackals
  21 kobolds
  5 quokkas
  6 ball pythons
  6 bats
  5 frilled lizards
  2 goblins (D:1)
  7 rats
  2 fungi
  6 plants
681 creatures vanquished.

Vanquished Creatures (others)
  3 white imps (IceCv)
  11 ufetubi (IceCv)
  14 fungi
  5 plants (Lair:6)
33 creatures vanquished.

Grand Total: 714 creatures vanquished

Notes
Turn   | Place    | Note
-------+----------+-------------------------------------------
     0 | D:1      | Rrauwl the Hill Orc Berserker began the quest for the Orb.
     0 | D:1      | Reached XP level 1. HP: 19/19 MP: 1/1
    69 | D:1      | Reached XP level 2. HP: 13/27 MP: 2/2
   798 | D:1      | Reached XP level 3. HP: 23/33 MP: 3/3
   990 | D:1      | Reached ** piety under Trog
  1409 | D:2      | Reached skill level 5 in Axes
  1409 | D:2      | Reached XP level 4. HP: 34/40 MP: 4/4
  2078 | D:3      | Reached skill level 6 in Axes
  2123 | D:3      | Reached XP level 5. HP: 46/46 MP: 5/5
  2126 | D:3      | Reached skill level 7 in Axes
  2308 | D:3      | Found a faded altar of an unknown god.
  2308 | D:3      | Found a shimmering altar of Xom.
  2319 | D:3      | Found an opulent altar of Gozag.
  2321 | D:3      | Found a sparkling altar of Nemelex Xobeh.
  2323 | D:3      | Found a snail-covered altar of Cheibriados.
  2559 | D:3      | Reached *** piety under Trog
  2631 | D:3      | Reached XP level 6. HP: 46/52 MP: 6/6
  2789 | D:4      | Noticed Sigmund
  2815 | D:4      | Killed Sigmund
  2815 | D:4      | Reached skill level 9 in Axes
  2900 | D:4      | Noticed Duvessa
  2900 | D:4      | Noticed Dowan
  2904 | D:4      | Killed Duvessa
  2904 | D:4      | Reached XP level 7. HP: 59/59 MP: 7/7
  2905 | D:4      | Killed Dowan
  2905 | D:4      | Reached skill level 10 in Axes
  3544 | D:4      | Reached skill level 11 in Axes
  3687 | D:5      | Entered Level 5 of the Dungeon
  3735 | D:5      | Reached XP level 8. HP: 56/66 MP: 8/8
  3972 | D:5      | Reached skill level 12 in Axes
  4013 | D:5      | Noticed Blork the orc
  4017 | D:5      | Killed Blork the orc
  4183 | D:5      | Reached **** piety under Trog
  4268 | D:5      | Reached skill level 5 in Fighting
  4806 | D:5      | Found a staircase to the Ecumenical Temple.
  4985 | D:6      | Reached skill level 13 in Axes
  4985 | D:6      | Reached XP level 9. HP: 78/78 MP: 9/9
  5066 | D:6      | Noticed Edmund
  5083 | D:6      | Killed Edmund
  5146 | D:6      | Noticed Eustachio
  5161 | D:6      | Killed Eustachio
  5298 | D:6      | Found an ancient bone altar of Kikubaaqudgha.
  5350 | D:6      | Found Ijimaluts's Jewellery Boutique.
  5358 | D:6      | Bought a cursed ring of teleportation for 67 gold pieces
  5576 | D:6      | Found a sparkling altar of Nemelex Xobeh.
  5715 | D:6      | Found a glowing silver altar of Zin.
  5715 | D:6      | Found a glowing golden altar of the Shining One.
  5902 | D:6      | Reached ***** piety under Trog
  5913 | D:6      | Reached skill level 14 in Axes
  6473 | D:7      | Found a basalt altar of Yredelemnul.
  6502 | D:7      | Found Kusiklyerr's Armour Shoppe.
  6541 | D:7      | Bought a +2 helmet for 214 gold pieces
  6586 | D:7      | Received a gift from Trog
  6609 | D:7      | Gained mutation: You are clumsy. (Dex -2) [potion of mutation]
  6609 | D:7      | Gained mutation: Your body sometimes deteriorates upon taking damage. [potion of mutation]
  6609 | D:7      | Lost mutation: You are clumsy. (Dex -2) [potion of mutation]
  6617 | D:7      | Reached skill level 5 in Armour
  6706 | D:7      | Reached XP level 10. HP: 81/88 MP: 10/10
  7029 | D:8      | Received a gift from Trog
  7077 | D:8      | Found a shadowy altar of Dithmenos.
  7199 | D:8      | Lost mutation: Your body sometimes deteriorates upon taking damage. [potion of mutation]
  7199 | D:8      | Gained mutation: You are robust. (+10% HP) [potion of mutation]
  7199 | D:8      | Gained mutation: You possess an exceptional clarity of mind. [potion of mutation]
  7199 | D:8      | Gained mutation: You have a beak for a mouth. [potion of mutation]
  7271 | D:8      | Found a deep blue altar of Sif Muna.
  7321 | D:8      | Reached skill level 15 in Axes
  7350 | D:8      | Noticed a two-headed ogre
  7371 | D:8      | Killed a two-headed ogre
  8051 | D:9      | Noticed a two-headed ogre
  8061 | D:9      | Killed a two-headed ogre
  8061 | D:9      | Reached skill level 16 in Axes
  8352 | D:9      | Reached XP level 11. HP: 103/106 MP: 11/11
  8747 | D:9      | Noticed a two-headed ogre
  8751 | D:9      | Killed a two-headed ogre
  8910 | D:10     | Entered Level 10 of the Dungeon
  8943 | D:10     | Received a gift from Trog
  8998 | D:10     | Found a staircase to the Lair.
  9140 | D:10     | Reached skill level 10 in Fighting
  9187 | D:10     | Received a gift from Trog
  9427 | D:11     | Found a glowing golden altar of the Shining One.
  9538 | D:11     | Reached skill level 17 in Axes
  9571 | D:11     | Noticed a two-headed ogre
  9575 | D:11     | Killed a two-headed ogre
 10159 | D:11     | Noticed a cyan ugly thing
 10164 | D:11     | Killed a cyan ugly thing
 10272 | D:11     | Noticed a green ugly thing
 10277 | D:11     | Killed a green ugly thing
 10645 | D:12     | Reached skill level 1 in Evocations
 10666 | D:12     | Received a gift from Trog
 10685 | D:12     | Found a staircase to the Orcish Mines.
 10750 | D:12     | Reached XP level 12. HP: 112/121 MP: 1/13
 10872 | D:12     | Reached skill level 18 in Axes
 11218 | Lair:1   | Entered Level 1 of the Lair of Beasts
 11782 | Lair:1   | Reached skill level 19 in Axes
 12729 | Lair:2   | Noticed Nergalle
 12738 | Lair:2   | Killed Nergalle
 12738 | Lair:2   | Reached skill level 20 in Axes
 12839 | Lair:2   | Noticed Gastronok
 12849 | Lair:2   | Killed Gastronok
 12941 | Lair:2   | Reached XP level 13. HP: 127/127 MP: 5/16
 13201 | Lair:2   | Received a gift from Trog
 13260 | Lair:2   | Found a staircase to the Shoals.
 13600 | Lair:3   | Found a staircase to the Snake Pit.
 14010 | Lair:3   | Reached skill level 10 in Armour
 14016 | Lair:3   | Reached ****** piety under Trog
 14083 | Lair:3   | Reached skill level 21 in Axes
 14175 | Lair:3   | Received a gift from Trog
 15428 | Lair:4   | Reached skill level 5 in Evocations
 15765 | Lair:4   | Reached skill level 22 in Axes
 15798 | Lair:4   | Received a gift from Trog
 15861 | Lair:4   | Reached XP level 14. HP: 136/136 MP: 5/17
 17142 | Lair:5   | Reached skill level 23 in Axes
 17565 | Lair:5   | Found a deep blue altar of Sif Muna.
 17760 | Lair:5   | Noticed Nessos
 17874 | Lair:5   | Killed Nessos
 18255 | Lair:6   | Entered Level 6 of the Lair of Beasts
 18318 | Lair:6   | Received a gift from Trog
 18937 | Lair:6   | Reached skill level 24 in Axes
 19392 | Lair:6   | Identified the Volume of Displacement
 19676 | Lair:6   | Reached XP level 15. HP: 122/141 MP: 6/18
 19826 | Lair:6   | Found a staircase to the Slime Pits.
 20178 | Lair:6   | Reached skill level 25 in Axes
 21736 | D:14     | Noticed Urug
 21748 | D:14     | Killed Urug
 21968 | D:14     | Noticed Rupert
 21986 | D:14     | Killed Rupert
 21986 | D:14     | Reached skill level 26 in Axes
 21986 | D:14     | Received a gift from Trog
 22065 | D:14     | Found a gate to the Vaults.
 22121 | D:14     | Noticed vlindergert's ghost (journeyman MiFi)
 22138 | D:14     | Killed vlindergert's ghost
 22802 | D:15     | Entered Level 15 of the Dungeon
 22900 | D:15     | Found a frozen archway.
 23159 | IceCv    | Entered an ice cave
 23581 | IceCv    | Received a gift from Trog
 23608 | IceCv    | Engulfed by a cloud of freezing vapour

Skill      XL: |  1  2  3  4  5  6  7  8  9 10 11 12 13 14 15 |
---------------+----------------------------------------------+-----
Fighting       | 4 6 8 9 11 12 | 12.1
Dodging        | 2 3 4 |  4.1
Armour         | 3 5 8 10 | 10.0
Axes           | 5 6 7 9 11 13 14 16 17 20 22 24 26 | 26.0
Evocations     | 2 4 5 6 |  6.9

Action                   |  1- 3 |  4- 6 |  7- 9 | 10-12 | 13-15 || total
-------------------------+-------+-------+-------+-------+-------++-------
Melee: Hand axe          |   130 |    69 |       |       |       ||   199
       War axe           |       |    66 |   344 |   108 |       ||   518
       Battleaxe         |       |       |       |   263 |    13 ||   276
       Peck              |       |       |       |    90 |   173 ||   263
       Executioner's axe |       |       |       |   164 |   864 ||  1028
       Flail             |       |       |       |       |     5 ||     5
Invok: Berserk           |     3 |     4 |     5 |    11 |    19 ||    42
       Burn Spellbooks   |       |       |       |     5 |       ||     5
Evoke: Wand              |       |       |       |       |     7 ||     7
       Lamp of fire      |       |       |       |       |     1 ||     1
  Use: Scroll            |     6 |     1 |     7 |     8 |    14 ||    36
       Potion            |     3 |     5 |     3 |     4 |    12 ||    27
 Stab: Invisible         |     2 |     1 |       |       |       ||     3
  Eat: Chunk             |     2 |     6 |    18 |    15 |    23 ||    64
       Bread ration      |     1 |       |       |       |     2 ||     3
       Royal jelly       |       |       |       |     1 |     2 ||     3
       Fruit             |       |       |       |    16 |       ||    16
       Meat ration       |       |       |       |       |     3 ||     3
Armor: Animal skin       |     9 |       |       |       |       ||     9
       Ring mail         |    25 |    33 |       |       |       ||    58
       Plate armour      |       |     9 |   131 |   195 |   160 ||   495
       Scale mail        |       |       |       |       |   120 ||   120
Dodge: Dodged            |    62 |    45 |    76 |   134 |   299 ||   616
       Deflected         |       |       |     1 |     6 |    22 ||    29
Block: Other             |    26 |    39 |    72 |   115 |   176 ||   428
       Reflection        |     1 |     3 |     2 |     4 |     5 ||    15
